 Dungeon Sprint DCSS version 0.21.1-1-g345015f (webtiles) character file.

1197 wilfster70 the Fighter (level 8, -3/81 (82) HPs)
             Began as a Minotaur Berserker on Feb 28, 2018.
             Was a High Priest of Trog.
             Slain by a vampire (6 damage)
             ... in the Dungeon (Sprint IX: "|||||||||||||||||||||||||||||").
             The game lasted 00:01:51 (485 turns).

wilfster70 the Fighter (Minotaur Berserker)          Turns: 485, Time: 00:01:51

HP:   -3/81 (82)    AC:  9    Str: 26    XL:     8   Next: 20%
MP:   7/7           EV: 18    Int:  4    God:    Trog [*****.]
Gold: 0             SH:  0    Dex: 11    Spells: 7/7 levels left

rFire    . . .     SeeInvis .   a - +1 broad axe (freeze)
rCold    . . .     Gourm    .   (no shield)
rNeg     . . .     Faith    .   m - +2 ring mail
rPois    .         Spirit   .   (helmet restricted)
rElec    .         Reflect  .   (no cloak)
rCorr    .         Harm     .   (no gloves)
MR       .....     NoTele   +   (no boots)
Stlth    +.........             (no amulet)
HPRegen  0.23/turn              b - +3 ring of strength
MPRegen  0.10/turn              n - +2 ring of evasion

@: berserk cooldown, slowed, very slow
A: retaliatory headbutt, horns 2
a: Berserk, Trog's Hand, Brothers in Arms, Burn Spellbooks, Renounce Religion


You were in the Dungeon.
You worshipped Trog.
Trog was extremely pleased with you.
You were very hungry.

You visited 1 branch

Inventory:

Hand Weapons
 a - a +1 broad axe of freezing (weapon)
Armour
 m - a +2 ring mail (worn)
Jewellery
 b - a +3 ring of strength (left hand)
 n - a +2 ring of evasion (right hand)
Wands
 l - a wand of iceblast (10)
Scrolls
 i - 2 scrolls of blinking
 k - 3 scrolls of remove curse
Potions
 d - 5 potions of curing
 e - 3 potions of heal wounds
 f - a potion of haste
 g - 4 potions of magic
 h - a potion of berserk rage
 j - a potion of invisibility
Comestibles
 c - a ration
 o - 4 chunks of flesh


   Skills:
 + Level 11.3 Fighting
 + Level 11.3 Axes
 + Level 11.0 Armour
 + Level 10.2 Dodging


You had 7 spell levels left.
You didn't know any spells.

Dungeon Overview and Level Annotations

Branches:
Dungeon (1/1)

Altars:
Cheibriados
Dithmenos
Elyvilon
Fedhas
Gozag
Hepliaklqana
Kikubaaqudgha
Makhleb
Nemelex Xobeh
Okawaru
Qazlal
Ru
Sif Muna
Trog
Uskayaw
Vehumet
Wu Jian
Xom
Yredelemnul
Zin
The Shining One
Beogh
Jiyva
Lugonu


Innate Abilities, Weirdness & Mutations

You reflexively headbutt those who attack you in melee.
You have a pair of horns on your head.


Message History

You bump into the unnaturally hard rock wall.
Something hits you! Something bites you!
Something draws strength from your injuries!
You closely miss something.
You feel less confused. Something misses you. Something bites you!
Something draws strength from your injuries!
Something completely misses you. Something bites you.
Something draws strength from your injuries!
You hit something but do no damage. Your headbutt misses something.
Something hits you.
* * * LOW HITPOINT WARNING * * *
Something bites you!
* * * LOW HITPOINT WARNING * * *
Something draws strength from your injuries!
You barely miss something. Something barely misses you. Something bites you!
* * * LOW HITPOINT WARNING * * *
Something draws strength from your injuries!
Something hits you.
You die...

▓.▓
▓.▓
▓'▓
▓)▓
▓.▓
▓.▓
▓.▓
▓.▓
▓@▓
▓{▓
▓F▓
▓o▓
▓.▓
▓.▓
▓.▓
▓.▓
▓+▓


You could see a bullfrog and an orc.

Vanquished Creatures
  A two-headed ogre (D)
  A hungry ghost (D)
  2 sky beasts (D)
  A necrophage (D)
  A centaur (D)
  A bullfrog (D)
  A hound (D)
  An adder (D)
  An adder zombie (D)
  A dart slug (D)
  An orc (D)
  3 hobgoblins (D)
  A ball python (D)
  A frilled lizard (D)
  A leopard gecko skeleton (D)
  A quokka skeleton (D)
19 creatures vanquished.

Vanquished Creatures (others)
  A spatial maelstrom (D)
1 creature vanquished.

Grand Total: 20 creatures vanquished

Notes
Turn   | Place    | Note
-------+----------+-------------------------------------------
     0 | D        | wilfster70 the Minotaur Berserker began the quest for the Orb.
     0 | D        | Reached XP level 1. HP: 19/19 MP: 0/0
     8 | D        | Banished a spatial maelstrom
    12 | D        | Reached ** piety under Trog
    20 | D        | Noticed a necrophage
    24 | D        | Killed a necrophage
    24 | D        | Reached skill level 5 in Armour
    24 | D        | Reached skill level 5 in Dodging
    24 | D        | Reached XP level 2. HP: 13/30 MP: 1/1
    24 | D        | Reached XP level 3. HP: 17/37 MP: 2/2
    24 | D        | Reached XP level 4. HP: 20/44 MP: 3/3
    26 | D        | Reached *** piety under Trog
   309 | D        | Found a roughly hewn altar of Beogh.
   309 | D        | Found a snail-covered altar of Cheibriados.
   309 | D        | Found a shadowy altar of Dithmenos.
   309 | D        | Found a white marble altar of Elyvilon.
   309 | D        | Found a blossoming altar of Fedhas.
   309 | D        | Found an opulent altar of Gozag.
   310 | D        | Found a hazy altar of Hepliaklqana.
   311 | D        | Found a viscous altar of Jiyva.
   312 | D        | Found an ancient bone altar of Kikubaaqudgha.
   313 | D        | Found a corrupted altar of Lugonu.
   314 | D        | Found a burning altar of Makhleb.
   315 | D        | Found a sparkling altar of Nemelex Xobeh.
   316 | D        | Found an iron altar of Okawaru.
   317 | D        | Found a stormy altar of Qazlal.
   318 | D        | Found a sacrificial altar of Ru.
   319 | D        | Found a deep blue altar of Sif Muna.
   320 | D        | Found a bloodstained altar of Trog.
   321 | D        | Found a hide-covered altar of Uskayaw.
   322 | D        | Found a radiant altar of Vehumet.
   323 | D        | Found an ornate altar of the Wu Jian Council.
   324 | D        | Found a shimmering altar of Xom.
   325 | D        | Found a basalt altar of Yredelemnul.
   326 | D        | Found a glowing silver altar of Zin.
   327 | D        | Found a glowing golden altar of the Shining One.
   374 | D        | Noticed a centaur
   374 | D        | Noticed a sky beast
   374 | D        | Noticed a two-headed ogre
   374 | D        | Noticed a sky beast
   378 | D        | Killed a centaur
   378 | D        | Reached **** piety under Trog
   378 | D        | Reached XP level 5. HP: 48/51 MP: 4/4
   386 | D        | Killed a sky beast
   386 | D        | Reached XP level 6. HP: 61/61 MP: 5/5
   388 | D        | Killed a two-headed ogre
   388 | D        | Reached skill level 10 in Fighting
   388 | D        | Reached skill level 10 in Axes
   388 | D        | Reached skill level 10 in Armour
   388 | D        | Reached XP level 7. HP: 72/72 MP: 6/6
   394 | D        | Reached ***** piety under Trog
   467 | D        | Noticed a hungry ghost
   467 | D        | Noticed a vampire
   469 | D        | Killed a hungry ghost
   469 | D        | Reached skill level 10 in Dodging
   469 | D        | Reached XP level 8. HP: 81/81 MP: 7/7
   485 | D        | HP: 3/81 [something (9)]
   485 | D        | Slain by a vampire

Skill      XL: |  1  2  3  4  5  6  7  8 |
---------------+-------------------------+-----
Fighting       | 6 7 8 10 11 | 11.3
Axes           | 6 7 8 10 11 | 11.3
Armour         | 5 6 7 10 11 | 11.0
Dodging        | 5 6 7 9 10 | 10.2

Action                   |  1- 3 |  4- 6 |  7- 9 || total
-------------------------+-------+-------+-------++-------
Melee: Hand axe          |    13 |    11 |       ||    24
       Headbutt          |     2 |     3 |     2 ||     7
       Broad axe         |       |    12 |    15 ||    27
Invok: Berserk           |     1 |     1 |     1 ||     3
Armor: Animal skin       |     1 |     1 |       ||     2
       Ring mail         |       |     2 |     5 ||     7
Dodge: Dodged            |     7 |    17 |     9 ||    33
